 Dungeon Crawl Stone Soup version 0.29.0-4-gdea44cf6ec (webtiles) character file.

Game seed: 7050328293432431796

28 qw the Chopper (level 3, 0/21 HPs)
             Began as a Tengu Warper on Aug 28, 2022.
             Slain by a gnoll
             ... wielding a +0 whip
              (7 damage)
             ... on level 1 of the Dungeon.
             The game lasted 00:00:06 (1463 turns).

qw the Chopper (Tengu Warper)                       Turns: 1463, Time: 00:00:07

Health: 0/21       AC:  5    Str: 13    XL:     3   Next: 12%
Magic:  7/7        EV: 11    Int: 13    God:
Gold:   67         SH:  0    Dex: 13    Spells: 6/6 levels left

rFire   + . .      SeeInvis .   Y - +0 hand axe (chaos)
rCold   . . .      Faith    .   (no shield)
rNeg    + . .      Spirit   .   k - +0 ring mail {rF+}
rPois   .          Reflect  .   (helmet restricted)
rElec   .          Harm     .   (no cloak)
rCorr   .          Rampage  .   (no gloves)
Will    .....                   (boots unavailable)
Stlth   +.........              (no amulet)
HPRegen 0.07/turn               h - ring of positive energy
MPRegen 0.10/turn               (no ring)

@: no status effects
A: beak, talons 3
a: no special abilities


You were on level 1 of the Dungeon.
You visited 1 branch of the dungeon, and saw 2 of its levels.

You collected 67 gold pieces.


Innate Abilities, Weirdness & Mutations

You have a beak for a mouth.
You have claws for feet.


   Skills:
 - Level 2.0 Fighting
 + Level 3.9 Axes
 - Level 1.0 Throwing
 - Level 1.1 Armour
 - Level 2.1 Dodging
 - Level 2.0 Spellcasting
 - Level 2.4 Translocations


You had 6 spell levels left.
You didn't know any spells.
Your spell library contained the following spells:

 Spells                   Type           Power      Damage    Failure   Level
 Blink                    Tloc           14%        N/A       30%         2
 Gell's Gravitas          Tloc           7%         N/A       52%         3
 Lesser Beckoning         Tloc           7%         N/A       52%         3
 Teleport Other           Tloc           7%         N/A       52%         3
 Manifold Assault         Tloc           7%         N/A       99%         5

Inventory:

Hand Weapons
 Y - a +0 hand axe of chaos (weapon)
Armour
 d - a +0 scale mail
 k - a +0 ring mail of fire resistance (worn)
Jewellery
 h - a ring of positive energy (left hand)
Scrolls
 m - a scroll of identify
Potions
 f - a potion of heal wounds {unknown}
 g - a potion of curing

Dungeon Overview and Level Annotations

Branches:
Dungeon (2/15)

Altars:

Shops:
D:1 :=*!


Message History

Done exploring.
(D) Dungeon
Where to? (* - list waypoints, Enter - D:2, ? - help)
What level of the Dungeon? (default 1, ? - help)
You climb downwards.
The endoplasm closely misses you.
There is a stone staircase leading up here.
There are monsters nearby!
1442 ||| STAIRDANCE The endoplasm freezes you.
You are frozen.
You climb upwards.
There is a stone staircase leading down here.
You hit the endoplasm but do no damage. You claw the endoplasm.
The endoplasm is almost dead.
The endoplasm hits you but does no damage.
You completely miss the endoplasm. You claw the endoplasm.
You kill the endoplasm!
You start resting.
HP restored.
Done exploring.
(D) Dungeon
Where to? (* - list waypoints, Enter - D:2, ? - help)
What level of the Dungeon? (default 1, ? - help)
You climb downwards.
The gnoll closely misses you. The gnoll hits you with a +0 whip!
There is a stone staircase leading up here.
You hit the gnoll. Your kick misses the gnoll.
The gnoll is moderately wounded.
The gnoll hits you with a +0 whip.
1460 ||| STAIRDANCE The gnoll closely misses you.
You climb upwards.
There is a stone staircase leading down here.
You hit the gnoll. Your peck misses the gnoll.
The gnoll is heavily wounded.
The gnoll hits you with a +0 whip.
You hit the gnoll but do no damage. You peck the gnoll.
The gnoll is almost dead.
The gnoll hits you with a +0 whip!
You die...

#.## #.......# #....'.# # #.#
##.....## #.#..#.# # #.# ###'###
#....#.# ######
..#######.###########.######.....
#..)......................##.##.#
.######.########.#####+##....##.#
..#####.#####..#'#..#...####.#..#
..##..#.#..##.......'...# #.#.##
..##..#'#.###...@...#...# #.....
.###.......####.g)###...# ###.##
## #.......# ##### #...# #..#
#####################...######...
..+.........'....................
###.........####...###..######...
...........## ##.####..# #......
###.#.....## ####....###.##.## #
#.##...## #...\........#


You could see a gnoll.

Vanquished Creatures
  A dart slug (D:1)
  2 endoplasms (D:1)
  3 giant cockroaches (D:1)
  2 goblins (D:1)
  2 hobgoblins (D:1)
  3 jackals (D:1)
  A kobold (D:1)
  A quokka (D:1)
  2 ball pythons (D:1)
  2 bats (D:1)
  3 rats (D:1)
22 creatures vanquished.

Notes
Turn   | Place    | Note
-------+----------+-------------------------------------------
     0 | D:1      | qw the Tengu Warper began the quest for the Orb.
     0 | D:1      | Reached XP level 1. HP: 12/12 MP: 4/4
     0 | D:1      | 0 ||| qw: Version: 0.1-a-89-g26bdef1
     0 | D:1      | 0 ||| qw: Game counter: 1324
     0 | D:1      | 0 ||| qw: Always use a shield: true
     0 | D:1      | 0 ||| qw: God list: Okawaru
     0 | D:1      | 0 ||| qw: Allow faded altars: false
     0 | D:1      | 0 ||| qw: Do Orc after D:15 true
     0 | D:1      | 0 ||| qw: Do second Lair branch before Depths: true
     0 | D:1      | 0 ||| qw: Lair rune preference: random
     0 | D:1      | 0 ||| qw: Plans: Normal
     0 | D:1      | 0 ||| PLANNING D:1-11
    78 | D:1      | Found Yvuheex's Book Shop.
   150 | D:1      | Found Qiushrat's Distillery.
   155 | D:1      | 155 ||| SHOPLISTING potion of cancellation (112 gold, have
                  | 16).
   155 | D:1      | 155 ||| SHOPLISTING potion of resistance (140 gold, have
                  | 16).
   363 | D:1      | Reached skill level 3 in Axes
   363 | D:1      | Reached XP level 2. HP: 16/17 MP: 6/6
   375 | D:1      | Found a faded altar of an unknown god.
   734 | D:1      | 734 ||| Stepping ~*~*~tactically~*~*~ (hiding).
   901 | D:1      | Found Teusomu's Jewellery Shop.
   905 | D:1      | 905 ||| Stepping ~*~*~tactically~*~*~ (stealth).
   979 | D:1      | 979 ||| SHOPLISTING +6 ring of dexterity (396 gold, have
                  | 53).
   979 | D:1      | 979 ||| SHOPLISTING ring of Mudwepla {rF- rC+ MP+9 Dex+5
                  | SInv} (458 gold, have 53).
   979 | D:1      | 979 ||| SHOPLISTING ring of fire (275 gold, have 53).
   979 | D:1      | 979 ||| SHOPLISTING ring of poison resistance (220 gold,
                  | have 53).
   979 | D:1      | 979 ||| SHOPLISTING ring of protection from cold (275 gold,
                  | have 53).
   979 | D:1      | 979 ||| SHOPLISTING ring of willpower (275 gold, have 53).
  1038 | D:1      | Found Qeent's General Store.
  1044 | D:1      | 1044 ||| SHOPLISTING +1 morningstar of protection (165
                  | gold, have 53).
  1044 | D:1      | 1044 ||| SHOPLISTING +10 plate armour of Quantum Leap
                  | {Int+5} (1267 gold, have 53).
  1130 | D:1      | Reached XP level 3. HP: 21/21 MP: 7/7
  1382 | D:1      | 1382 ||| UPGRADING to +0 scale mail.
  1392 | D:1      | 1392 ||| DROPPING +0 leather armour.
  1393 | D:1      | 1393 ||| UPGRADING to +0 ring mail of fire resistance.
  1403 | D:1      | 1403 ||| DROPPING amulet of magic regeneration.
  1404 | D:1      | 1404 ||| UPGRADING to ring of positive energy.
  1405 | D:1      | 1405 ||| READING 2 scrolls labelled NAWA NEGOG.
  1406 | D:1      | 1406 ||| READING scroll labelled ALUGAS USAUDEA.
  1407 | D:1      | 1407 ||| READING scroll labelled SARIUM DIOC.
  1408 | D:1      | 1408 ||| READING scroll labelled MIEKIMN DIGER.
  1409 | D:1      | 1409 ||| READING 2 scrolls labelled ULOUSE ISKIA.
  1410 | D:1      | 1410 ||| DRINKING 2 fizzy orange potions.
  1411 | D:1      | 1411 ||| DROPPING scroll of amnesia.
  1412 | D:1      | 1412 ||| DROPPING scroll of blinking.
  1437 | D:2      | 1437 ||| STAIRDANCE
  1442 | D:2      | 1442 ||| STAIRDANCE
  1460 | D:2      | 1460 ||| STAIRDANCE
  1463 | D:1      | Slain by a gnoll

Levels and vault maps discovered:
D:1:      dpeg_arrival_renting, layout_loops_corners,
          shapermc_ecumenical_altar_starsandcircs, serial_shops, shop,
          nicolae_shop_behind_doors, shop_fountains, nicolae_square_shop
D:2:      minmay_door_path, layout_loops_ring, wad_floor_pattern_1,
          nicolae_grassy_gnolls, uniq_crazy_yiuf_cottage, uniq_sigmund,
          uniq_robin

Skill      XL: |  1 |
---------------+----+-----
Axes           | 3 |  3.9
Fighting       | |  2.0
Throwing       | |  1.0
Armour         | |  1.1
Dodging        | |  2.1
Spellcasting   | |  2.0
Translocations | |  2.4

Action                   || total
-------------------------++-------
Melee: Hand axe          ||    47
       Kick              ||     8
       Peck              ||     3
Throw: Boomerang         ||     7
  Use: Scroll            ||     5
       Potion            ||     1
 Stab: Sleeping          ||     1
Armor: Leather armour    ||     7
       Ring mail         ||     2
Dodge: Dodged            ||    26

Table legend:
 A = Non-vault XP
 B = Vault XP
 C = Vault XP percentage of total XP
 D = Non-vault monster count
 E = Vault monster count
 F = Vault count percentage of total count
                 A         B        C        D         E       F
            +---------+---------+-------+---------+---------+-------
      Total |      40 |       0 |   0.0 |      22 |       0 |   0.0
            +---------+---------+-------+---------+---------+-------
        D:1 |      40 |       0 |   0.0 |      22 |       0 |   0.0
            +---------+---------+-------+---------+---------+-------
